 Dungeon Crawl Stone Soup version 0.19-a0-1185-gacb3972 (webtiles) character file.

87 Rhoefr the Sneak (level 4, -3/27 HPs)
             Began as an Octopode Enchanter on Aug 18, 2016.
             Slain by a giant frog (8 damage)
             ... in a sewer.
             The game lasted 00:10:19 (2217 turns).

Rhoefr the Sneak (Octopode Enchanter)               Turns: 2217, Time: 00:10:19

Health: -3/27      AC:  1    Str:  7    XL:     4   Next: 51%
Magic:  1/7        EV: 14    Int: 18    God:
Gold:   74         SH:  0    Dex: 12    Spells: 3 memorised, 1 level left

rFire  . . .     SeeInvis .     a - +0 dagger (pain)
rCold  . . .     Gourm    .     (no shield)
rNeg   . . .     Faith    .     (helmet restricted)
rPois  .         Spirit   .     (no amulet)
rElec  .         Dismiss  .     k - ring of teleportation (curse)
rCorr  .         Reflect  .     (no ring)
MR     .....     Harm     .     (no ring)
Stlth  ++++...... Rnd*Tele +    (no ring)
                                (no ring)
                                (no ring)
                                (no ring)
                                (no ring)

@: very slightly contaminated
A: almost no armour, amphibious, 8 rings, constrict 8, camouflage 1, gelatinous
body 1
a: no special abilities


You were in a sewer.
You were not hungry.

You visited 1 branch of the dungeon, and saw 3 of its levels.
You also visited: Sewer.

You collected 74 gold pieces.

Inventory:

Hand Weapons
 a - a +0 dagger of pain (weapon)
Jewellery
 k - a cursed ring of teleportation (left tentacle)
Scrolls
 g - a scroll of amnesia {unknown}
 n - 2 scrolls of identify {unknown}
Potions
 d - a potion of curing {unknown}
 e - a potion of haste {unknown}
 f - a potion of lignification {unknown}
 h - a potion of degeneration {unknown}
 j - a potion of heal wounds {unknown}
Books
 b - a book of Maledictions

   Spells                             Type                      Level
   a - Corona                         Hexes                        1
   b - Ensorcelled Hibernation        Hexes/Ice                    2
   c - Confuse                        Hexes                        3
   d - Tukima's Dance                 Hexes                        3
   e - Dazzling Spray                 Conjuration/Hexes            3
Comestibles
 c - 5 bread rations
 i - 4 fruits
 l - a meat ration
 m - 3 chunks of flesh


   Skills:
 - Level 1.0 Short Blades
 + Level 3.4 Dodging
 + Level 5.4 Stealth
 - Level 2.0 Spellcasting
 + Level 3.4 Hexes


You had one spell level left.
You knew the following spells:

 Your Spells              Type           Power        Failure   Level  Hunger
a - Ensorcelled Hibernat  Hex/Ice        #.....       14%         2    ###....
b - Confuse               Hex            ##......     17%         3    ###....
n - Corona                Hex            ##.....      6%          1    #......


Dungeon Overview and Level Annotations

Branches:
Dungeon (3/15)

Altars:


Innate Abilities, Weirdness & Mutations

You cannot wear most types of armour.
You are amphibious.
You can wear up to eight rings at the same time.
You can use your tentacles to constrict eight enemies at once.
Your skin changes colour to match your surroundings (Stealth+).
Your rubbery body absorbs attacks. (AC +1, EV +1)


Message History

Unknown command.
The giant frog gives a loud, deep croak!
The giant frog hits you.
* * * LOW HITPOINT WARNING * * *
Casting: Ensorcelled Hibernation
Confirm with . or Enter, or press ? or * to list all spells.
You don't have enough magic to cast that spell.
Unknown command.
The giant frog closely misses you. The giant frog closely misses you.
The giant frog barely misses you. The ball python bites you.
* * * LOW HITPOINT WARNING * * *
The ball python misses you. The giant frog closely misses you.
The giant frog barely misses you. The ball python barely misses you. x2
The giant frog closely misses you.
The ball python bites you but does no damage.
The ball python grabs you. The ball python constricts you.
You escape the ball python's grasp.
The giant frog barely misses you. The giant frog hits you!
You die...

≈≈.≈≈≈≈≈≈≈≈# .≈.!.s≈≈≈≈≈≈#
≈≈$??.≈≈≈≈≈≈# ≈≈≈?≈≈≈≈≈≈≈≈#
≈..≈≈≈≈≈≈≈≈≈#
≈≈≈≈≈.≈≈≈≈≈≈≈≈≈≈## .≈≈≈.#
≈≈≈≈≈≈≈≈≈≈≈≈≈≈S≈# #.≈≈≈.#
≈≈≈≈≈≈≈≈≈≈≈≈FF#######≈≈≈≈≈#
≈≈≈≈≈≈≈≈≈≈..@......≈.≈≈≈≈≈#
≈≈≈≈≈≈≈≈≈≈≈≈≈≈≈≈≈≈≈≈≈≈≈≈≈.#
≈≈≈≈≈≈≈≈≈≈≈≈≈≈≈≈≈≈≈≈≈≈≈≈≈.#
≈≈≈≈≈≈≈≈≈≈≈≈≈≈≈†≈≈≈≈≈≈≈≈≈≈#
..................≈†.≈≈≈≈≈#
#####################≈≈≈≈≈#
# #≈≈≈≈≈# ########.≈≈≈
≈≈≈≈≈.# #.∩.÷..≈.≈.≈
≈≈≈≈≈≈≈≈≈≈


You could see 2 giant frogs, a giant cockroach and a ball python.

Vanquished Creatures
  2 adders
  2 worms (D:2)
  3 dart slugs
  6 giant geckos
  2 ball pythons (Sewer)
  6 bats (D:2)
  6 giant cockroaches
  8 hobgoblins
  2 kobolds
  2 giant newts
  4 goblins
  5 rats
48 creatures vanquished.

Vanquished Creatures (others)
  5 toadstools (D:1)
5 creatures vanquished.

Grand Total: 53 creatures vanquished

Notes
Turn   | Place    | Note
-------+----------+-------------------------------------------
     0 | D:1      | Rhoefr the Octopode Enchanter began the quest for the Orb.
     0 | D:1      | Reached XP level 1. HP: 11/11 MP: 3/3
    76 | D:1      | Reached XP level 2. HP: 11/17 MP: 1/5
   403 | D:1      | Learned a level 2 spell: Ensorcelled Hibernation
   756 | D:1      | Reached XP level 3. HP: 8/21 MP: 1/6
   781 | D:1      | HP: 1/21 [poisoned by an adder]
  1160 | D:2      | Learned a level 3 spell: Confuse
  1204 | D:2      | Reached skill level 5 in Stealth
  1664 | D:3      | Reached XP level 4. HP: 27/27 MP: 7/7
  2036 | D:3      | Found a glowing drain.
  2074 | Sewer    | Entered a sewer
  2209 | Sewer    | Noticed a giant frog
  2209 | Sewer    | Noticed a giant frog
  2217 | Sewer    | Slain by a giant frog

Vault maps used:
D:1:      ldierk_walled_garden, st_stairs_14
D:2:      minmay_surrounded
D:3:      portal_sewer_entry_f, first_bread, kennysheep_generic_room_15
Sewer:    sewer_frog_island_01

Skill      XL: |  1  2  3 |
---------------+----------+-----
Stealth        | 5 |  5.4
Dodging        | 3 |  3.4
Short Blades   | |  1.0
Spellcasting   | |  2.0
Hexes          | |  3.4

Action                   |  1- 3 |  4- 6 || total
-------------------------+-------+-------++-------
Melee: Dagger            |    65 |    21 ||    86
       Constrict         |    14 |     4 ||    18
       Tentacles         |     7 |       ||     7
 Cast: Corona            |     5 |       ||     5
       Ensorcelled Hiber |     7 |    14 ||    21
       Confuse           |     1 |       ||     1
  Use: Scroll            |     6 |       ||     6
 Stab: Sleeping          |    18 |     9 ||    27
  Eat: Chunk             |     3 |     3 ||     6
Armor: Skin              |     4 |     3 ||     7
Dodge: Dodged            |    42 |    27 ||    69
